 Dungeon Crawl Stone Soup version 0.28.0-43-g3370ac3207 (webtiles) character file.

Game seed: 8640684373200107447

1085 sking99 the Stinger (level 8, 0/80 HPs)
             Began as an Ogre Venom Mage on Mar 17, 2022.
             Slain by a centaur warrior zombie (8 damage)
             ... on level 6 of the Dungeon.
             The game lasted 00:13:59 (9217 turns).

sking99 the Stinger (Ogre Venom Mage)               Turns: 9217, Time: 00:13:59

Health: 0/80       AC:  4    Str: 15    XL:     8   Next: 30%
Magic:  12/12      EV:  9    Int: 16    God:
Gold:   234        SH:  0    Dex:  9    Spells: 3/13 levels left

rFire   . . .      SeeInvis +   u - +1 short sword (venom)
rCold   . . .      Faith    .   (no shield)
rNeg    . . .      Spirit   .   a - +0 robe
rPois   .          Reflect  .   (helmet restricted)
rElec   .          Harm     .   n - +0 cloak
rCorr   +          Rampage  .   (gloves unavailable)
Will    .....                   (boots unavailable)
Stlth   +.........              i - amulet of regeneration
HPRegen 1.03/turn               d - ring of see invisible
MPRegen 0.13/turn               r - ring of resist corrosion

@: no status effects
A: large, unfitting armour, tough skin 1
a: no special abilities


You were on level 6 of the Dungeon.
You visited 1 branch of the dungeon, and saw 6 of its levels.

You collected 234 gold pieces.

Inventory:

Hand Weapons
 u - a +1 short sword of venom (weapon)
 v - a +1 scythe of venom
Missiles
 o - 2 throwing nets
Armour
 a - a +0 robe (worn)
 n - a +0 cloak (worn)
Jewellery
 d - a ring of see invisible (left hand)
 i - an amulet of regeneration (around neck)
 r - a ring of resist corrosion (right hand)
Wands
 g - a wand of paralysis (11)
Scrolls
 b - 3 scrolls of teleportation
 c - a scroll of amnesia {unknown}
 f - a scroll of immolation {unknown}
 j - a scroll of identify
 q - 3 scrolls of silence
Potions
 e - 2 potions of curing
 h - a potion of lignification
 k - a potion of heal wounds {unknown}
 l - a potion of flight {unknown}
 m - 3 potions of magic
 p - 2 potions of might
 s - a potion of mutation
 t - a potion of experience


   Skills:
 + Level 5.2 Fighting
 - Level 1.7 Dodging
 - Level 1.4 Stealth
 - Level 3.0 Spellcasting
 + Level 2.9 Conjurations
 - Level 2.0 Transmutations
 + Level 3.4 Air Magic
 * Level 6.1 Poison Magic


You had 3 spell levels left.
You knew the following spells:

 Your Spells              Type           Power      Damage    Failure   Level
a - Sting                 Tmut/Pois      60%        1d6       3%          1
b - Poisonous Vapours     Pois/Air       34%        N/A       4%          2
c - Mephitic Cloud        Conj/Pois/Air  15%        N/A       10%         3
d - Olgreb's Toxic Radia  Pois           22%        N/A       16%         4

Your spell library contained the following spells:

 Spells                   Type           Power      Damage    Failure   Level
 Summon Small Mammal      Summ           8%         N/A       19%         1
 Call Canine Familiar     Summ           2%         N/A       50%         3
 Summon Guardian Golem    Hex/Summ       2%         N/A       50%         3


Dungeon Overview and Level Annotations

Branches:
Dungeon (6/15)
 Temple: D:4-7

Altars:


Innate Abilities, Weirdness & Mutations

You are too large for most types of armour.
You have tough skin. (AC +1)


Message History

You hit the centaur warrior zombie.
The centaur warrior zombie is severely damaged.
The centaur warrior zombie hits you but does no damage.
The centaur warrior zombie kicks you.
* * * LOW HITPOINT WARNING * * *
You hit the centaur warrior zombie.
The centaur warrior zombie is severely damaged.
The centaur warrior zombie hits you.
* * * LOW HITPOINT WARNING * * *
The centaur warrior zombie barely misses you.
The centaur warrior zombie hits you but does no damage.
The centaur warrior zombie kicks you.
* * * LOW HITPOINT WARNING * * *
You hit the centaur warrior zombie but do no damage.
The centaur warrior zombie is severely damaged.
The centaur warrior zombie barely misses you.
The centaur warrior zombie kicks you but does no damage.
You hit the centaur warrior zombie.
The centaur warrior zombie is severely damaged.
The centaur warrior zombie hits you.
* * * LOW HITPOINT WARNING * * *
The centaur warrior zombie kicks you but does no damage.
The centaur warrior zombie closely misses you.
The centaur warrior zombie barely misses you.
You hit the centaur warrior zombie.
The centaur warrior zombie is severely damaged.
The centaur warrior zombie hits you.
* * * LOW HITPOINT WARNING * * *
The centaur warrior zombie closely misses you.
You hit the centaur warrior zombie.
The centaur warrior zombie is almost destroyed.
The centaur warrior zombie hits you!
* * * LOW HITPOINT WARNING * * *
The centaur warrior zombie kicks you but does no damage.
You hit the centaur warrior zombie.
The centaur warrior zombie is almost destroyed.
The centaur warrior zombie closely misses you.
The centaur warrior zombie kicks you but does no damage.
The centaur warrior zombie hits you!
You die...

......#####..#........#...###
<............#.......##.....#
.................#....#.....#
#.....#..##.....#####.#....##
#....###.##.##..##.##.#....#
..##.###...............[..##
..#..........####........##
.....#....####...#.#.#
....###....@Z..######
#.##..##.....#..#
.............#.##
...............#
.#####.#......## ..###.....##
.... ###....# ..... ##.###
..... ###


You could see a centaur warrior zombie.

Vanquished Creatures
  Sigmund (D:6)
  2 ogres (D:4)
  2 scorpions
  A water moccasin zombie (D:5)
  A water moccasin skeleton (D:4)
  4 killer bees
  2 jellies
  2 orc priests (D:5)
  An iguana (D:5)
  2 orc wizards (D:4)
  A howler monkey zombie (D:3)
  A howler monkey skeleton (D:6)
  5 adders
  An ufetubus (D:5)
  2 worms
  2 dart slugs
  9 orcs
  5 ball pythons
  10 endoplasms
  5 giant cockroaches
  6 goblins
  7 hobgoblins
  5 jackals
  7 quokkas
  2 bats
  2 frilled lizards (D:1)
  8 kobolds
  3 rats
99 creatures vanquished.

Notes
Turn   | Place    | Note
-------+----------+-------------------------------------------
     0 | D:1      | sking99 the Ogre Venom Mage began the quest for the Orb.
     0 | D:1      | Reached XP level 1. HP: 16/16 MP: 3/3
    68 | D:1      | Reached skill level 1 in Transmutations
   357 | D:1      | Reached XP level 2. HP: 26/26 MP: 2/5
   548 | D:1      | Reached skill level 3 in Poison Magic
   581 | D:1      | Learned a level 2 spell: Poisonous Vapours
   620 | D:1      | Reached skill level 1 in Fighting
  1053 | D:1      | Reached XP level 3. HP: 33/33 MP: 4/7
  2655 | D:3      | Noticed a scorpion
  2665 | D:3      | Killed a scorpion
  2666 | D:3      | Reached skill level 1 in Air Magic
  2666 | D:3      | Reached XP level 4. HP: 34/42 MP: 1/8
  2841 | D:3      | Found a faded altar of an unknown god.
  3050 | D:3      | Reached XP level 5. HP: 23/49 MP: 1/9
  4485 | D:4      | Learned a level 3 spell: Mephitic Cloud
  4768 | D:4      | Reached skill level 4 in Poison Magic
  5261 | D:4      | Noticed an ogre
  5282 | D:4      | Killed an ogre
  5283 | D:4      | Reached skill level 1 in Conjurations
  5283 | D:4      | Reached XP level 6. HP: 61/61 MP: 2/10
  5950 | D:4      | Reached XP level 7. HP: 37/68 MP: 4/11
  6532 | D:5      | Entered Level 5 of the Dungeon
  6858 | D:5      | Learned a level 4 spell: Olgreb's Toxic Radiance
  6911 | D:5      | Reached skill level 5 in Poison Magic
  8837 | D:6      | Noticed Sigmund
  8854 | D:6      | Killed Sigmund
  8855 | D:6      | Reached skill level 5 in Fighting
  8855 | D:6      | Reached skill level 6 in Poison Magic
  8855 | D:6      | Reached XP level 8. HP: 79/80 MP: 3/12
  9217 | D:6      | Slain by a centaur warrior zombie

Illustrated notes

Levels and vault maps discovered:
D:1:      saegor_arrival_fortress, layout_basic, st_stairs_5,
          lemuel_old_faithful
D:2:      layout_basic, minmay_pentomino_x2
D:3:      minmay_general_purpose_star, layout_loops_cross,
          ebering_ecumenical_altar_hall
D:4:      layout_loops_ring, minmay_increasing_density
D:5:      layout_layer_cave, minmay_liquid_box, st_stairs_7
D:6:      layout_cave_pools, minmay_temple_entry_fiery, uniq_sigmund

Skill      XL: |  1  2  3  4  5  6  7 |
---------------+----------------------+-----
Transmutations | 1 2 |  2.0
Poison Magic   | 3 4 6 |  6.1
Fighting       | 1 2 3 5 |  5.2
Spellcasting   | 3 |  3.0
Air Magic      | 1 2 3 |  3.4
Conjurations   | 1 2 |  2.9
Dodging        | |  1.7
Stealth        | |  1.4

Action                   |  1- 3 |  4- 6 |  7- 9 || total
-------------------------+-------+-------+-------++-------
Melee: Unarmed           |     2 |    25 |     3 ||    30
       Short sword       |       |       |    82 ||    82
       Punch             |       |       |     3 ||     3
       Scythe            |       |       |     1 ||     1
 Cast: Sting             |    62 |    49 |    30 ||   141
       Poisonous Vapours |     8 |    65 |    39 ||   112
  Use: Scroll            |       |       |    10 ||    10
       Potion            |       |       |     1 ||     1
Armor: Robe              |     7 |    20 |    69 ||    96
Dodge: Dodged            |    18 |    24 |    91 ||   133
